AoeStats
← 根本赢不了

Hideout

510248037Analyzed
1v1 RM · 1d ago on Sep 30, 2026· 35m 3s· 2 players
Game mode
Random Map
Map size
Tiny (2 player)
Population
200
Speed
Normal
Resources
Standard
Victory
Conquest
Starting age
Dark Age
Ending age
Imperial Age
RankedLock teamsTeams togetherTeam positionsShared explorationLock speedFull tech treeHidden civsTurbo modeCheats
Victory
Defeat
🇨🇳 Spanish · China
1322
+14
🇨🇳 Danes · China
1283
-28
根本赢不了
9:05 Feudal Age
9:08 Man-at-Arms
9:35 Arson
19:21 Castle Age
17:59 Gold Mining
18:11 Double-Bit Axe
18:07 Horse Collar
19:49 Scale Mail Armor
20:00 Forging
21:50 Gold Shaft Mining
21:27 Bow Saw
22:44 Squires
30:05 Fletching
33:26 Elite Skirmisher
(o^^o)
10:28 Feudal Age
11:25 Loom
13:36 Horse Collar
19:14 Castle Age
17:40 Double-Bit Axe
18:20 Gold Mining
20:40 Heavy Plow
21:27 Padded Archer Armor
22:27 Leather Archer Armor
30:50 Redemption
34:53 Imperial Age
33:56 Sanctity
33:56 Fletching
35:47 Wheelbarrow
Connection lost

Rejoining the realm…

Still unreachable

The connection could not be restored.

Session expired

The server has moved on; the page needs a fresh start.